 Dungeon Crawl Stone Soup version 0.30-a0-389-g8d7d949f56 (webtiles) character file.

Game seed: 11408485139958566102

119203 Bnni the Impaler (level 17, -8/144 HPs)
             Began as a Formicid Fighter on Dec 2, 2022.
             Was a Believer of Yredelemnul.
             Killed from afar by an ice dragon (58 damage)
             ... with a blast of cold
             ... on level 1 of the Depths on Dec 3, 2022.
             The game lasted 01:08:06 (26284 turns).

Bnni the Impaler (Formicid Fighter)                Turns: 26284, Time: 01:08:06

Health: -8/144     AC: 22    Str: 30    XL:     17   Next: 33%
Magic:  28/28      EV:  8    Int: 12    God:    Yredelemnul [**....]
Gold:   1873       SH: 19    Dex: 21    Spells: 16/16 levels left

rFire   + . .      SeeInvis +    a - +9 bardiche (freeze)
rCold   . . .      Faith    +    c - +5 kite shield "Hesi" {rCorr Dex+2}
rNeg    + . .      Spirit   .    k - +5 chain mail of the Eye-covered God {Drain Int+2 Dex+4}
rPois   .          Reflect  .    (helmet unavailable)
rElec   +          Harm     .    w - +0 cloak
rCorr   +          Rampage  .    Q - +1 pair of gloves "Pirgh" {rElec rF+ Str+3 Dex+2}
Will    +....                    U - +0 pair of boots {Fly}
Stlth   ..........               y - amulet of faith
HPRegen 0.44/turn                i - +4 ring of protection
MPRegen 0.21/turn                K - ring of positive energy

@: flying
A: permanent stasis, dig shafts and tunnels, antennae 3, four strong arms
a: Dig, Shaft Self, Renounce Religion, Recall Undead Harvest, Dark Bargain


You were on level 1 of the Depths.
You worshipped Yredelemnul.
Yredelemnul was pleased with you.
You visited 4 branches of the dungeon, and saw 23 of its levels.
You also visited: Gauntlet.

You collected 3441 gold pieces.
You spent 1568 gold pieces at shops.

Inventory:

Hand Weapons
 a - a +9 bardiche of freezing (weapon)
 u - the +9 staff of Olgreb {rPois∞}
   (You found it on level 12 of the Dungeon)

   If the wielder is skilled in Evocations, they can envenom those struck by it,
   dealing poison damage which bypasses armour.
   It enhances your poison magic.
   It grants immunity to poison.
   It can be activated via the 'a'bility menu to radiate toxic energy, with
   effectiveness depending on Evocations skill.
 S - a +1 trident of flaming
Missiles
 d - 12 curare-tipped darts
 e - 3 throwing nets
 p - 29 poisoned darts
 C - 25 boomerangs
 D - 6 silver javelins
 F - 10 javelins
Armour
 c - the +5 kite shield "Hesi" (worn) {rCorr Dex+2}
   (You found it on level 4 of the Lair of Beasts)

   Dex:       It affects your dexterity (+2).
   rCorr:     It protects you from acid and corrosion.
 k - the +5 chain mail of the Eye-covered God (worn) {Drain Int+2 Dex+4}
   (You found it on level 13 of the Dungeon)

   Int:       It affects your intelligence (+2).
   Dex:       It affects your dexterity (+4).
   Drain:     It drains your maximum health when unequipped.
 w - a +0 cloak (worn)
 Q - the +1 pair of gloves "Pirgh" (worn) {rElec rF+ Str+3 Dex+2}
   (You bought it in a shop on level 14 of the Dungeon)

   Str:       It affects your strength (+3).
   Dex:       It affects your dexterity (+2).
   rF:        It protects you from fire.
   rElec:     It insulates you from electricity.
 U - a +0 pair of boots of flying (worn)
Jewellery
 i - a +4 ring of protection (left hand)
 j - an amulet of reflection
 r - a ring of fire
 y - an amulet of faith (around neck)
 K - a ring of positive energy (right hand)
 X - a ring of protection from cold
Wands
 m - a wand of flame (83)
 B - a wand of quicksilver (13)
 H - a wand of mindburst (19)
 L - a wand of iceblast (19)
 P - a wand of polymorph (1)
 V - a wand of paralysis (7)
 W - a wand of digging (8)
Scrolls
 f - 2 scrolls of summoning {unknown}
 h - 4 scrolls of butterflies
 n - 4 scrolls of vulnerability
 o - 3 scrolls of immolation
 s - 4 scrolls of amnesia
 v - 4 scrolls of magic mapping
 x - a scroll of poison
 z - 5 scrolls of fear
 E - a scroll of acquirement
 G - 2 scrolls of enchant armour
 M - 3 scrolls of brand weapon
Potions
 b - a potion of heal wounds
 g - 2 potions of cancellation
 l - a potion of invisibility
 q - a potion of magic
 t - 5 potions of mutation
 I - a potion of might
 J - 3 potions of lignification
 N - 6 potions of attraction
 O - 6 potions of resistance
 R - 5 potions of curing
Miscellaneous
 A - a phial of floods


   Skills:
 + Level 16.3 Fighting
 * Level 20.4 Polearms
 - Level 3.2 Armour
 - Level 13.6 Shields
 + Level 14.7 Invocations


You had 16 spell levels left.
You didn't know any spells.
Your spell library contained the following spells:

 Spells                   Type           Power      Damage    Failure   Level
 Apportation              Tloc           0%         N/A       95%         1
 Beastly Appendage        Tmut           0%         N/A       95%         1
 Foxfire                  Conj/Fire      0%         2x1d4     95%         1
 Magic Dart               Conj           0%         1d3       95%         1
 Necrotise                Necr           0%         1d4       95%         1
 Sting                    Tmut/Pois      0%         1d3       95%         1
 Summon Small Mammal      Summ           0%         N/A       95%         1
 Searing Ray              Conj           0%         2d4       99%         2
 Sublimation of Blood     Necr           0%         N/A       99%         2
 Call Canine Familiar     Summ           0%         N/A       100%        3
 Dazzling Flash           Conj/Hex       0%         N/A       100%        3
 Gell's Gravitas          Tloc           0%         N/A       100%        3
 Hailstorm                Conj/Ice       0%         3d3       100%        3
 Summon Guardian Golem    Hex/Summ       0%         N/A       100%        3
 Teleport Other           Tloc           0%         N/A       100%        3
 Vhi's Electric Charge    Tloc/Air       0%         N/A       100%        3
 Fulminant Prism          Conj/Hex       0%         3d5       100%        4
 Ice Form                 Ice/Tmut       0%         N/A       100%        4
 Iskenderun's Mystic Bla  Conj/Tloc      0%         2d3       100%        4
 Petrify                  Tmut/Erth      0%         N/A       100%        4
 Arcjolt                  Conj/Air       0%         1d10      100%        5
 Fireball                 Conj/Fire      0%         3d3       100%        5
 Freezing Cloud           Conj/Ice/Air   0%         6-21      100%        5
 Irradiate                Conj/Tmut      0%         3d11      100%        5
 Dispersal                Tloc           0%         N/A       100%        6
 Starburst                Conj/Fire      0%         6d3       100%        6
 Maxwell's Capacitive Co  Air            0%         ∞         100%        8
 Death's Door             Necr           0%         N/A       100%        9
 Polar Vortex             Ice            0%         N/A       100%        9
 Simulacrum               Ice/Necr       Unusable   N/A       N/A         6

Dungeon Overview and Level Annotations

Branches:
Dungeon (15/15)            Temple (0/1) D:7            Lair (5/5) D:11
  Swamp (0/4) Lair:3        Snake (0/4) Lair:2        Slime (0/5) Lair:4
    Orc (2/2) D:10            Elf (0/3) Orc:2        Vaults (0/5) D:13
 Depths (1/4) D:15        Gauntlet (visited)

Altars:
Cheibriados
Dithmenos
Fedhas
Kikubaaqudgha
Nemelex Xobeh
Qazlal
Ru
Xom
Yredelemnul
Lugonu

Shops:
D:10 !   D:14 [   Orc:2 ![*:

Portals:
Abyss: Lair:5
Pandemonium: Orc:2


Innate Abilities, Weirdness & Mutations

You cannot be hasted, slowed, berserked, paralysed or teleported.
You can dig through walls and to a lower floor.
You have a pair of large antennae on your head. (SInv)
Your four strong arms can wield two-handed weapons with a shield.


Message History

The ice dragon breathes frost at you. The blast of cold hits you!!
Your ugly thing zombie barely misses the red very ugly thing.
The red very ugly thing gores you!
You hear a deafening roar!
Unknown command.
You are too injured to fight recklessly!
You are too injured to fight recklessly!
Unknown command.
You slash the ice dragon!
The ice dragon is lightly wounded.
You block the ice dragon's attack. The ice dragon claws you!
The ice dragon tramples you.
You are shoved backwards!
Your ugly thing zombie hits the red very ugly thing.
Unknown command.
You open the ice dragon like a pillowcase!!!
You freeze the ice dragon.
The ice dragon is severely wounded.
You completely miss the red very ugly thing.
The red very ugly thing is lightly wounded.
Your ugly thing zombie closely misses the red very ugly thing.
The ice dragon bites your ugly thing zombie.
The ice dragon claws your ugly thing zombie!
The ice dragon tramples your ugly thing zombie!
Your ugly thing zombie stumbles backwards!
The red very ugly thing gores you but does no damage.
You slice the red very ugly thing!! You freeze the red very ugly thing.
The red very ugly thing is moderately wounded.
You hear a deafening roar!
The ice dragon breathes frost at you. The blast of cold hits you!!
* * * LOW HITPOINT WARNING * * *
Your ugly thing zombie hits the ice dragon!
Your ugly thing zombie closely misses the red very ugly thing.
The red very ugly thing closely misses you.
You feel much better. The ice dragon breathes frost at you.
The blast of cold hits you!!!
You die...
Your body rises from the dead as a mindless zombie.

.......... ..
.......... ##..
.........# ..#
.........#.⌠.
.........#.. ~
.........~###~≈
{#....Z..~≈≈≈≈
#..uD.~≈≈≈≈
##.@Z≈###≈≈
#...#...#
#....# ⌠.#
#....# .#
...... ..
........ .
.........
...........


You could see a red very ugly thing (ally target), an ice dragon (catching
breath, ally target) and 2 friendly ugly thing zombies.

Vanquished Creatures
  Agnes (D:15)
  A very ugly thing (D:15)
  A minotaur (Gauntlet)
  2 fire dragons
  4 hydras
  Fannar (D:12)
  Erolcha (D:11)
  An ice dragon (D:15)
  A vault guard (D:13)
  2 boulder beetles
  2 death knights (D:14)
  3 centaur warriors
  2 catoblepae
  6 two-headed ogres
  2 tengu warriors
  4 death yaks
  2 orc high priests (Orc:2)
  Sonja (D:12)
  3 thrashing horrors (Lair:5)
  Urug (Orc:2)
  The ghost of Destapler the Ruffian, a novice TrBe of Trog (D:6)
  4 wizards
  Pikel (D:5)
  5 orc knights (Orc:2)
  A necromancer (Lair:2)
  18 ugly things
  4 manticores
  8 orc sorcerers
  2 spectral centaurs (D:12)
  5 cyclopes
  7 elephants (Lair:2)
  3 black mambas
  Joseph (D:7)
  10 cane toads
  An orange demon (Gauntlet)
  5 rime drakes (Lair:5)
  8 komodo dragons
  An ice devil (Orc:2)
  2 unseen horrors
  A yaktaur (D:12)
  Maggie (D:6)
  7 kobold demonologists
  2 freezing wraiths
  A tengu conjurer (D:14)
  3 ancient zymes (Lair:5)
  3 meliai (D:15)
  2 trolls
  The ghost of Nuhine the Shield-Bearer, an amateur MiFi (D:5)
  A polar bear (Lair:3)
  12 slime creatures
  5 blink frogs
  6 dream sheep (Lair:5)
  2 water elementals (Depths:1)
  A vampire (D:13)
  Sigmund (D:2)
  A ynoxinul (Lair:5)
  8 wraiths
  30 yaks
  A human (D:7)
  3 hogs (D:7)
  4 wyverns
  Grum (D:11)
  2 steam dragons
  6 vampire mosquitoes
  A chaos spawn (Lair:5)
  5 basilisks
  Menkaure (D:7)
  3 swamp worms (Lair:3)
  Duvessa (D:4)
  13 water moccasins
  A sky beast (D:7)
  21 orc warriors
  2 black bears
  3 ice beasts (D:7)
  9 ogres
  4 wolves
  5 centaurs
  A phantom (D:5)
  4 kobold brigands
  6 bullfrogs
  A wyvern zombie (D:6)
  2 necrophages
  A gnoll sergeant (D:8)
  7 wights
  Dowan (D:4)
  13 killer bees
  2 howler monkeys (D:9)
  2 jellies
  A water moccasin simulacrum (D:5)
  23 orc priests
  2 gnoll boudas
  An iguana (D:7)
  12 orc wizards
  3 polar bear simulacra (Lair:2)
  A killer bee zombie (D:6)
  7 small abominations (Lair:5)
  A wolf simulacrum (Lair:2)
  A bullfrog simulacrum (D:5)
  2 centaur simulacra (D:5)
  Robin (D:2)
  4 gnolls
  10 adders
  2 hound simulacra (D:5)
  3 shadow imps (Gauntlet)
  4 white imps
  The ghost of LetschGu the Sneak, a weakling NaDe (D:6)
  A dart slug (D:2)
  40 orcs
  5 ball pythons
  8 endoplasms
  5 giant cockroaches
  13 hobgoblins
  11 jackals
  3 quokkas
  2 bats
  15 goblins
  14 kobolds
  5 rats
  2 river rat simulacra (Lair:2)
545 creatures vanquished.

Vanquished Creatures (collateral kills)
  Gastronok (Lair:2)
  The ghost of fly the Cleaver, a journeyman DgDe (D:12)
  A green death (Gauntlet)
  Snorg (D:12)
  6 hydras
  A demonspawn (Orc:2)
  An ice dragon (D:15)
  A centaur warrior (D:14)
  A tengu warrior (D:13)
  5 death yaks
  An orc high priest (Orc:2)
  A bog body (Lair:3)
  A deep elf pyromancer (D:15)
  An orc sorcerer (Orc:2)
  7 ugly things
  A spectral centaur (D:12)
  3 cyclopes
  4 black mambas
  An elephant (Lair:2)
  A smoke demon (Lair:5)
  A torpor snail (Lair:4)
  A gargoyle (D:12)
  A rime drake (Lair:4)
  4 cane toads
  2 komodo dragons
  A yaktaur (D:15)
  A freezing wraith (D:14)
  A hellwing (Orc:2)
  A polar bear (Lair:4)
  A red devil (Orc:2)
  2 trolls
  2 large abominations (Lair:5)
  8 slime creatures
  2 hornets (shapeshifter)
  A troll (shapeshifter) (D:13)
  7 blink frogs
  4 dream sheep (Lair:5)
  A wolf spider simulacrum (D:12)
  3 centaur simulacra
  A vampire (D:14)
  13 yaks
  A chaos spawn (Lair:5)
  3 wyverns
  4 vampire mosquitoes
  2 swamp worms (Lair:3)
  A harpy simulacrum (D:12)
  11 water moccasins
  3 orc warriors
  3 wolves (Lair:2)
  4 ogres (D:13)
  2 kobold brigands
  2 small abominations (Lair:5)
  2 bullfrogs
  3 wights
  3 killer bees
  An electric eel (Lair:3)
  5 orc priests (Orc:2)
  An orc wizard (D:14)
  A wolf simulacrum (Lair:2)
  A boggart simulacrum (D:12)
  3 gnolls (D:8)
  19 orcs
  3 kobolds (D:11)
  4 river rat simulacra (Lair:2)
180 creatures vanquished.

Vanquished Creatures (others)
  A spectral centaur (Lair:5)
  2 spectral orcs (Orc:2)
  3 ugly thing zombies
  A catoblepas zombie (D:8)
  A death yak zombie (Lair:5)
  An unseen horror zombie (D:11)
  A meliai zombie (D:15)
  A spriggan (Lair:5)
  2 black mamba zombies
  4 slime creature zombies
  A spectral ice devil (Orc:2)
  A human zombie (Gauntlet)
  2 two-headed ogre zombies (D:12)
  A cane toad zombie (Lair:5)
  An elephant zombie (Lair:2)
  2 blink frog zombies (Lair:5)
  7 vampire mosquito zombies
  A spectral chaos spawn (Lair:5)
  A komodo dragon zombie (D:10)
  A wyvern zombie (D:8)
  2 cyclops zombies
  3 water moccasin zombies
  7 yak zombies
  A troll zombie (D:12)
  2 bullfrog zombies
  4 centaur zombies
  6 killer bee zombies
  An ogre zombie (D:13)
  A howler monkey zombie (D:9)
  A jelly zombie (D:8)
  An orc (D:9)
  6 gnoll zombies
  3 kobold zombies
  46 orc zombies
  54 fungi
  64 plants
237 creatures vanquished.

Grand Total: 962 creatures vanquished

Notes
Turn   | Place    | Note
-------+----------+-------------------------------------------
     0 | D:1      | Bnni the Formicid Fighter began the quest for the Orb.
     0 | D:1      | Reached XP level 1. HP: 18/18 MP: 1/1
   136 | D:1      | Reached XP level 2. HP: 24/24 MP: 2/2
   513 | D:1      | Reached XP level 3. HP: 29/29 MP: 3/3
   768 | D:2      | Noticed Sigmund
   777 | D:2      | Killed Sigmund
   778 | D:2      | Reached skill level 4 in Polearms
   778 | D:2      | Reached skill level 5 in Shields
   778 | D:2      | Reached XP level 4. HP: 33/38 MP: 4/4
   778 | D:2      | Reached XP level 5. HP: 37/43 MP: 5/5
   834 | D:2      | Reached XP level 6. HP: 49/49 MP: 6/6
   991 | D:2      | Noticed Robin
  1023 | D:2      | Killed Robin
  1838 | D:3      | Found a stormy altar of Qazlal.
  2381 | D:3      | Reached skill level 5 in Polearms
  2759 | D:4      | Noticed Duvessa
  2760 | D:4      | Noticed Dowan
  2772 | D:4      | Killed Duvessa
  2773 | D:4      | Reached skill level 5 in Fighting
  2773 | D:4      | Reached XP level 7. HP: 36/56 MP: 7/7
  2780 | D:4      | Killed Dowan
  2964 | D:4      | Reached skill level 6 in Polearms
  3330 | D:4      | Reached XP level 8. HP: 62/64 MP: 8/8
  3596 | D:4      | Found a snail-covered altar of Cheibriados.
  3596 | D:4      | Found a sacrificial altar of Ru.
  3851 | D:5      | Entered Level 5 of the Dungeon
  3856 | D:5      | Reached skill level 7 in Polearms
  3930 | D:5      | Noticed Nuhine's ghost (amateur MiFi)
  4002 | D:5      | Found a sparkling altar of Nemelex Xobeh.
  4017 | D:5      | Noticed Pikel
  4048 | D:5      | Killed Pikel
  4049 | D:5      | Reached skill level 8 in Polearms
  4049 | D:5      | Reached XP level 9. HP: 26/72 MP: 9/9
  4213 | D:5      | Found an ancient bone altar of Kikubaaqudgha.
  4334 | D:5      | Found a runed translucent gate.
  4334 | D:5      | Found a runed translucent gate.
  4334 | D:5      | Found a runed translucent gate.
  4477 | D:5      | Reached skill level 9 in Polearms
  4676 | D:5      | Killed Nuhine's ghost
  4953 | D:6      | Found a runed translucent gate.
  4956 | D:6      | Noticed Destapler's ghost (novice TrBe)
  4959 | D:6      | Found a runed translucent gate.
  4959 | D:6      | Found a runed translucent gate.
  5228 | D:6      | Reached skill level 10 in Polearms
  5287 | D:6      | Noticed Maggie
  5301 | D:6      | Killed Maggie
  5856 | D:6      | Found a runed translucent gate.
  5856 | D:6      | Found a runed translucent gate.
  5856 | D:6      | Found a runed translucent gate.
  5856 | D:6      | Noticed LetschGu's ghost (weakling NaDe)
  5858 | D:6      | Found a basalt altar of Yredelemnul.
  5878 | D:6      | Became a worshipper of Yredelemnul the Dark
  5886 | D:6      | Killed LetschGu's ghost
  6048 | D:6      | Reached XP level 10. HP: 64/79 MP: 10/10
  6604 | D:6      | Reached skill level 11 in Polearms
  6604 | D:6      | Reached * piety under Yredelemnul
  6666 | D:6      | Killed Destapler's ghost
  6813 | D:7      | Found a blossoming altar of Fedhas.
  7150 | D:7      | Found a staircase to the Ecumenical Temple.
  7164 | D:7      | Reached ** piety under Yredelemnul
  7165 | D:7      | Reached skill level 1 in Invocations
  7300 | D:7      | Noticed Menkaure
  7315 | D:7      | Reached skill level 12 in Polearms
  7319 | D:7      | Killed Menkaure
  7694 | D:7      | Noticed Joseph
  7703 | D:7      | Killed Joseph
  7704 | D:7      | Reached skill level 10 in Fighting
  8304 | D:8      | Noticed a kobold demonologist
  8313 | D:8      | Noticed a soul eater
  8315 | D:8      | Noticed an orange demon
  8315 | D:8      | Killed a kobold demonologist
  8316 | D:8      | Reached XP level 11. HP: 87/91 MP: 13/13
  8602 | D:8      | Reached *** piety under Yredelemnul
  8832 | D:8      | Found a shadowy altar of Dithmenos.
  8899 | D:8      | Noticed a two-headed ogre
  8906 | D:8      | Killed a two-headed ogre
  9233 | D:8      | Noticed a cyclops
  9235 | D:8      | Noticed a catoblepas
  9237 | D:8      | Killed a cyclops
  9238 | D:8      | Reached **** piety under Yredelemnul
  9238 | D:8      | Reached skill level 13 in Polearms
  9242 | D:8      | Noticed a five-headed hydra
  9272 | D:8      | Killed a catoblepas
  9273 | D:8      | Reached skill level 5 in Invocations
  9287 | D:8      | Killed a five-headed hydra
 10135 | D:9      | Found a shimmering altar of Xom.
 10245 | D:9      | Reached XP level 12. HP: 90/100 MP: 16/16
 10322 | D:9      | Got Cigotuvi's Omnibus of Remoulded Shadows
 10699 | D:10     | Entered Level 10 of the Dungeon
 10945 | D:10     | Found Ziapp's Distillery.
 11163 | D:10     | Reached skill level 14 in Polearms
 11290 | D:10     | Found a staircase to the Orcish Mines.
 11628 | D:11     | Found a staircase to the Lair.
 11660 | D:11     | Noticed Grum
 11895 | D:11     | Killed Grum
 12033 | D:11     | Noticed Erolcha
 12039 | D:11     | Killed Erolcha
 12584 | D:11     | Noticed a sixfirhy
 12591 | D:11     | Noticed a sun demon
 13114 | D:12     | Reached skill level 10 in Shields
 13297 | D:12     | Reached ***** piety under Yredelemnul
 13308 | D:12     | Noticed Fannar
 13322 | D:12     | Noticed Sonja
 13333 | D:12     | Killed Sonja
 13334 | D:12     | Reached XP level 13. HP: 91/100 MP: 16/18
 13368 | D:12     | Killed Fannar
 13604 | D:12     | Identified a scroll of acquirement
 13605 | D:12     | Acquired 593 gold pieces
 13685 | D:12     | Reached skill level 15 in Polearms
 14137 | D:12     | Reached ****** piety under Yredelemnul
 14311 | D:12     | Found the +9 staff of Olgreb {rPois∞}
 14324 | D:12     | Noticed Snorg
 14332 | D:12     | Killed Snorg
 14609 | D:12     | Found a runed translucent gate.
 14609 | D:12     | Found a runed translucent gate.
 14609 | D:12     | Found a runed translucent gate.
 14611 | D:12     | Noticed fly's ghost (journeyman DgDe)
 14740 | D:12     | Killed fly's ghost
 15165 | D:13     | Noticed a catoblepas
 15177 | D:13     | Killed a catoblepas
 15196 | D:13     | Reached XP level 14. HP: 95/116 MP: 21/21
 15316 | D:13     | Noticed Lodul
 15333 | D:13     | Killed Lodul
 15333 | D:13     | Enslaved Lodul
 15335 | D:13     | HP: 4/116 [ogre/+0 giant club[Lodul] (16)]
 15650 | D:13     | Noticed Nessos
 15659 | D:13     | Killed Nessos
 15659 | D:13     | Enslaved Nessos
 15852 | D:13     | Reached skill level 16 in Polearms
 16263 | D:13     | Identified the +5 chain mail of the Eye-covered God {Drain
                  | Int+2 Dex+4}
 16277 | D:13     | Found a gate to the Vaults.
 16492 | D:13     | Reached skill level 10 in Invocations
 17334 | D:14     | Found a frozen archway.
 17342 | D:14     | Reached skill level 17 in Polearms
 17544 | D:14     | Found Unekioqo's Armour Shop.
 17562 | D:14     | Bought the +1 pair of gloves "Pirgh" {rElec rF+ Str+3
                  | Dex+2} for 615 gold pieces
 17562 | D:14     | Bought a +0 pair of boots of flying for 172 gold pieces
 17789 | D:14     | Reached XP level 15. HP: 102/125 MP: 23/23
 17988 | D:15     | Entered Level 15 of the Dungeon
 18027 | D:15     | Found a gate leading to a gauntlet.
 18031 | D:15     | Noticed Agnes
 18037 | D:15     | Killed Agnes
 18191 | Gauntlet | Entered a Gauntlet
 18191 | Gauntlet | Noticed a quicksilver ooze
 18191 | Gauntlet | Found a transporter.
 18313 | Gauntlet | Found a transporter.
 18330 | Gauntlet | Found a transporter.
 18334 | Gauntlet | Found a transporter.
 18355 | Gauntlet | Found a transporter.
 18368 | Gauntlet | Found a transporter.
 18380 | Gauntlet | Noticed a reaper
 18382 | Gauntlet | Found a transporter.
 18407 | Gauntlet | Found a transporter.
 18411 | Gauntlet | Found a transporter.
 18416 | Gauntlet | Found a transporter.
 18441 | Gauntlet | Found a transporter.
 18443 | Gauntlet | Found a transporter.
 18518 | Gauntlet | Identified the +2 helmet "Oroi" {rElec rN+ rCorr Str-4}
 18547 | Gauntlet | Identified the +0 cloak of the Scorching Gods {Harm Str+4}
 18805 | D:15     | Identified the +4 spear "Ate Omaz" {freeze, rC+ Will+}
 18898 | D:15     | Found a staircase to the Depths.
 19156 | D:15     | Reached skill level 18 in Polearms
 19485 | Lair:1   | Entered Level 1 of the Lair of Beasts
 20283 | Lair:2   | Noticed Gastronok
 20291 | Lair:2   | Killed Gastronok
 20495 | Lair:2   | You are sucked into a shaft and drop 2 floors!
 20749 | Lair:2   | Found a staircase to the Snake Pit.
 20911 | Lair:2   | Reached XP level 16. HP: 134/134 MP: 25/25
 21520 | Lair:3   | Reached skill level 15 in Fighting
 21534 | Lair:3   | Identified the +3 whip of Zaomy {freeze, *Slow rPois rN+}
 21742 | Lair:3   | Found a staircase to the Swamp.
 22082 | Lair:4   | Reached skill level 19 in Polearms
 22172 | Lair:4   | Found a staircase to the Slime Pits.
 22344 | Lair:4   | Identified the +5 kite shield "Hesi" {rCorr Dex+2}
 22825 | Lair:5   | Entered Level 5 of the Lair of Beasts
 23554 | Lair:5   | Your ally Nessos died
 23824 | Lair:5   | Found a corrupted altar of Lugonu.
 23824 | Lair:5   | Found a one-way gate to the infinite horrors of the Abyss.
 24150 | Orc:1    | Entered Level 1 of the Orcish Mines
 24409 | Orc:1    | You are sucked into a shaft and drop 1 floor!
 24409 | Orc:2    | Entered Level 2 of the Orcish Mines
 24484 | Orc:2    | Noticed Urug
 24490 | Orc:2    | Killed Urug
 24782 | Orc:2    | Found Sicsit's Distillery.
 24818 | Orc:2    | Found Zebbauf's General Store.
 24857 | Orc:2    | Reached skill level 20 in Polearms
 24940 | Orc:2    | Bought a scroll of acquirement for 676 gold pieces
 24940 | Orc:2    | Upgraded the game from 0.30-a0-385-gfebfb9b408 to
                  | 0.30-a0-389-g8d7d949f56
 24962 | Orc:2    | Reached XP level 17. HP: 144/144 MP: 27/27
 25274 | Orc:2    | Found Mokuikhy's Book Shoppe.
 25274 | Orc:2    | Found Vevvenolle's Antique Armour Emporium.
 25275 | Orc:2    | Found a one-way gate leading to the halls of Pandemonium.
 25335 | Orc:2    | Found a staircase to the Elven Halls.
 25705 | Orc:2    | Bought a potion of might for 60 gold pieces
 25705 | Orc:2    | Bought a potion of curing for 45 gold pieces
 26063 | Depths:1 | Entered Level 1 of the Depths
 26284 | Depths:1 | Killed from afar by an ice dragon

Illustrated notes

Levels and vault maps discovered:
D:1:      mrwooster_arrival_arrow, layout_basic
D:2:      layout_basic, kennysheep_pointless_box, minmay_misc_feat_tiny,
          uniq_sigmund, uniq_robin
D:3:      layout_basic, grunt_qazlal_clouds
D:4:      layout_loops_corners, gammafunk_temple_overflow_pools,
          minmay_misc_feat_plants, minivault_19, uniq_duvessa
D:5:      layout_cave_pools, kiku_gazebo_garden_becter, lemuel_round_altar,
          gammafunk_ghost_icy, minmay_a_box_with_orc_wizards_in_it, uniq_pikel
D:6:      layout_gridville, nicolae_yredelemnul_ghost_church,
          gammafunk_ghost_split, minmay_misc_feat_four_crosses, uniq_maggie
D:7:      layout_loops_corners, fedhas_altar_4, minmay_temple_entry_tees,
          grunt_livestock, minmay_misc_feat_nine_boxes,
          minmay_misc_feat_encased, uniq_menkaure, uniq_joseph
D:8:      minmay_cornered_nines, layout_basic, amcnicky_altar_gilded,
          minmay_puff
D:9:      layout_long_grid, old_standard_altar, chequers_arboretum,
          grunt_ministairs_13
D:10:     layout_irregular_city, hiddenorc1_lemuel, serial_shops,
          nicolae_shop_crystal, minmay_misc_feat_x
D:11:     layout_irregular_city, david_lair_generic, uniq_erolcha, uniq_grum
D:12:     layout_irregular_city, gammafunk_ghost_necromancy,
          lightli_corner_chamber, uniq_sonja, uniq_snorg, uniq_fannar
D:13:     layout_basic, david_vaults_5, minivault_1, uniq_lodul, uniq_nessos
D:14:     wad_arrow_thing, layout_rooms, portal_ice_cave_entry_ugly_swarm,
          minmay_stone_trees_small, serial_shops, shop
D:15:     grunt_enter_depths_hoard, layout_rooms, gauntlet_entry_generic,
          ebering_dispersal_statue_hall, uniq_agnes
Lair:1:   layout_roguey, beast_lair_carwin_11, grunt_megastairs_1
Lair:2:   layout_cave_pods, minmay_snake_entry_six_corridors, minivault_23,
          chequers_serial_rivers_micro_a, eino_house_with_fridge,
          infiniplex_staircase_pool_2, uniq_gastronok
Lair:3:   layout_roguey, nicolae_swamp_entry_splash_gauntlet, grunt_megastairs_3
Lair:4:   layout_hall_layers, slime_entry_1
Lair:5:   hellmonk_lair_end_abyssal_woods, layout_concentric_octagons,
          serial_bayou_pond_e, grunt_megastairs_5, infiniplex_staircase_pool
Orc:1:    layout_diamond_mine
Orc:2:    pf_orc_diabolical, layout_diamond_mine, uniq_urug
Depths:1: layout_cave_shapes, ashenzari_conservatory_becter,
          nicolae_trove_entry_crossroad, hell_entry, fountainhead,
          minmay_misc_feat_square, grunt_gozag_statues

Skill      XL: |  1  2  3  4  5  6  7  8  9 10 11 12 13 14 15 16 17 |
---------------+----------------------------------------------------+-----
Fighting       | 4 5 6 7 8 10 11 12 13 14 15 16 | 16.3
Polearms       | 4 5 6 8 10 12 13 14 15 17 18 20 | 20.4
Shields        | 5 7 10 12 13 | 13.6
Invocations    | 3 6 7 9 11 12 14 | 14.7
Armour         | |  3.2

Action                   |  1- 3 |  4- 6 |  7- 9 | 10-12 | 13-15 | 16-18 || total
-------------------------+-------+-------+-------+-------+-------+-------++-------
Melee: Trident           |    57 |       |       |     6 |     9 |       ||    72
       Halberd           |       |   113 |   252 |   558 |   269 |       ||  1192
       Bardiche          |       |       |       |       |   270 |   387 ||   657
       Staff             |       |       |       |       |     1 |       ||     1
Throw: Dart              |       |     2 |       |     1 |     4 |       ||     7
       Throwing net      |       |       |       |       |     1 |       ||     1
Invok: Recall Undead Har |       |       |       |     2 |     5 |     9 ||    16
       Bind Soul         |       |       |       |       |     3 |     3 ||     6
       Drain Life        |       |       |       |       |     1 |     5 ||     6
       Dark Bargain      |       |       |       |       |     1 |     3 ||     4
       Stop Recall       |       |       |       |       |     1 |       ||     1
 Abil: Dig               |       |       |     7 |     3 |     4 |       ||    14
       Evoke the Staff o |       |       |       |       |     1 |       ||     1
Evoke: Wand              |       |     1 |     2 |     3 |       |       ||     6
  Use: Potion            |     1 |       |     2 |     1 |     3 |     1 ||     8
       Scroll            |       |       |     7 |     8 |    18 |     4 ||    37
 Stab: Distracted        |       |       |       |     6 |    11 |     7 ||    24
       Petrified         |       |       |       |       |     6 |       ||     6
       Petrifying        |       |       |       |       |     1 |       ||     1
Armor: Scale mail        |    17 |    28 |       |       |       |       ||    45
       Chain mail        |       |    13 |    41 |       |   127 |    77 ||   258
       Plate armour      |       |       |   104 |   276 |    76 |       ||   456
Dodge: Dodged            |    13 |    40 |    76 |   114 |    80 |    32 ||   355
Block: Buckler           |     8 |    32 |    71 |    72 |       |       ||   183
       Kite shield       |       |       |       |    82 |   237 |   171 ||   490

Table legend: (Time is in decaauts)
 A = Elapsed time spent in this place.
 B = Non-inter-level travel time spent in this place.
 C = Inter-level travel time spent in this place.
 D = Time resting spent in this place.
 E = Time spent auto-exploring this place.
 F = Levels seen in this place.
 G = Mean time per level.
                   A        B        C        D        E       F      G
               +--------+--------+--------+--------+--------+-----+--------+
         Total |  26261 |  25037 |   1224 |   2828 |  17754 |  24 | 1094.2 |
       Dungeon |  19279 |  18502 |    777 |   2339 |  13035 |  15 | 1285.3 |
          Lair |   4624 |   4330 |    294 |    162 |   3396 |   5 |  924.8 |
  Orcish Mines |   1725 |   1572 |    153 |     85 |   1088 |   2 |  862.5 |
        Depths |     35 |     35 |      0 |      0 |      0 |   1 |   35.0 |
      Gauntlet |    597 |    597 |      0 |    242 |    235 |   1 |  597.0 |
               +--------+--------+--------+--------+--------+-----+--------+

Top non-repeatable levels by time:
    D:12: 1887 daAuts
     D:6: 1860 daAuts
    D:13: 1820 daAuts
     D:8: 1534 daAuts
   Orc:2: 1393 daAuts
    D:14: 1351 daAuts
    D:11: 1254 daAuts
     D:7: 1248 daAuts
    D:10: 1219 daAuts
  Lair:5: 1210 daAuts
  Lair:2: 1121 daAuts
     D:5: 1110 daAuts
     D:4: 1107 daAuts
     D:2: 1100 daAuts
     D:9: 1068 daAuts
